Map: Lightshade LE

Players

Heeebster

  • Race: Protoss Protoss
  • League: Diamond
  • Spawn Location: 5:00

IIIIIIIIIIII - Winner!

  • Race: Zerg Zerg
  • League: Diamond
  • Spawn Location: 11:00

VOD

Have the link to the VOD?

Description

Time

  • Played on: Nov. 14, 2020, 2:35 p.m.
  • Length: 12:44
Show
View Real Time Build Order
Export as new Build Order

Heeebster Protoss 

Build Orders: 1 Gate Expand, Archon Immortal, Dark Templar Rush 

Get SALT Encoding   

  12  0:01  Probe  
  13  0:13  Probe  
  14  0:17  Pylon  
  14  0:25  Probe  
  15  0:37  Gateway, Probe (Chrono Boost)  
  16  0:47  Assimilator, Probe (Chrono Boost)  
  17  0:54  Assimilator  
  17  0:55  Probe  
  18  1:07  Probe  
  19  1:19  Probe  
  20  1:31  Nexus  
  20  1:43  Cybernetics Core  
  20  1:46  Probe  
  21  1:58  Probe  
  21  2:01  Pylon  
  22  2:10  Stalker, Probe  
  23  2:17  Warp Gate (Chrono Boost)  
  23  2:22  Probe  
  26  2:27  Twilight Council  
  26  2:34  Probe  
  27  2:43  Stalker  
  29  2:46  Probe  
  29  2:47  Probe  
  31  2:54  Shield Battery  
  31  2:58  Probe  
  31  3:01  Probe  
  32  3:14  Dark Shrine  
  32  3:15  Probe x2  
  34  3:27  Probe  
  34  3:31  Gateway  
  34  3:32  Gateway  
  35  3:41  Gateway  
  35  3:42  Charge (Chrono Boost)  
  35  3:46  Probe  
  35  3:47  Probe  
  37  3:54  Robotics Facility  
  37  3:59  Probe (Chrono Boost)  
  37  4:02  Assimilator  
  39  4:03  Probe (Chrono Boost)  
  39  4:08  Assimilator  
  40  4:11  Probe (Chrono Boost)  
  40  4:14  Probe (Chrono Boost)  
  40  4:15  Probe (Chrono Boost)  
  41  4:24  Probe  
  43  4:28  Dark Templar  
  45  4:33  Pylon  
  45  4:44  Nexus  
  45  4:48  Pylon  
  45  4:55  Dark Templar x3  
  51  5:03  Probe  
  51  5:04  Probe  
  53  5:08  Warp Prism (Chrono Boost)  
  55  5:16  Probe x2  
  57  5:28  Probe x2  
  51  5:35  Shield Battery  
  51  5:37  Dark Templar  
  51  5:39  Shield Battery  
  51  5:40  Probe x2  
  55  5:44  Dark Templar  
  57  5:51  Dark Templar x2  
  57  5:53  Probe (Chrono Boost)  
  58  6:02  Probe (Chrono Boost)  
  58  6:06  Immortal (Chrono Boost)  
  58  6:07  Probe (Chrono Boost)  
  58  6:10  Probe (Chrono Boost)  
  64  6:11  Probe (Chrono Boost)  
  64  6:12  Archon  
  64  6:15  Probe (Chrono Boost)  
  64  6:16  Probe x2 (Chrono Boost)  
  67  6:25  Dark Templar  
  67  6:26  Zealot x2, Probe  
  67  6:27  Zealot  
  67  6:28  Probe  
  77  6:38  Templar Archives  
  77  6:43  Assimilator  
  77  6:44  Pylon  
  77  6:46  Assimilator  
  77  6:48  Pylon  
  77  6:55  Forge  
  77  6:56  Forge  
  77  6:59  Pylon  
  77  7:01  Psionic Storm  
  77  7:02  Probe (Chrono Boost)  
  77  7:05  Probe x2 (Chrono Boost)  
  80  7:14  Probe (Chrono Boost)  
  83  7:17  Zealot x4  
  83  7:18  Probe x2 (Chrono Boost)  
  83  7:22  Probe (Chrono Boost)  
  91  7:24  Protoss Ground Armor Level 1 (Chrono Boost)  
  91  7:26  Probe x2  
  91  7:28  Pylon  
  94  7:31  Protoss Ground Weapons Level 1 (Chrono Boost)  
  94  7:34  Probe  
  95  7:42  Gateway  
  95  7:43  Gateway  
  95  7:45  Gateway  
  95  7:47  Gateway  
  95  7:51  Zealot  
  95  7:52  Zealot x3  
  95  7:56  Immortal (Chrono Boost)  
  107  8:06  Shield Battery  
  107  8:08  Pylon  
  107  8:10  Pylon  
  107  8:19  Pylon  
  107  8:20  Pylon  
  107  8:23  Zealot  
  107  8:26  Zealot x3  
  115  8:39  Probe x2  
  115  8:40  High Templar x2  
  115  8:41  High Templar x2, Immortal (Chrono Boost)  
  113  8:51  Zealot x4  
  119  9:03  Probe x3  
  122  9:15  Probe x3  
  123  9:20  Nexus, Immortal  
  123  9:22  High Templar x2, Pylon  
  123  9:23  High Templar x2  
  131  9:24  Zealot x2  
  131  9:25  Zealot x2  
  131  9:26  Archon  
  131  9:27  Archon  
  139  9:39  Archon x2  
  139  9:43  Archon  
  139  9:54  Zealot x5  
  81  10:14  Zealot x7  
  81  10:15  Zealot  
  81  10:18  Probe x3  
  96  10:27  Protoss Ground Weapons Level 2 (Chrono Boost)  
  96  10:28  Protoss Ground Armor Level 2 (Chrono Boost)  
  96  10:30  Probe x3  
  99  10:40  High Templar x8  
  99  10:42  Probe x2  
  117  10:43  Probe  
  117  10:46  Archon  
  118  10:52  Probe  
  118  10:55  Probe (Chrono Boost)  
  118  10:56  Pylon, Probe x2 (Chrono Boost)  
  122  11:07  Probe (Chrono Boost)  
  124  11:12  Zealot x4, Probe (Chrono Boost)  
  124  11:17  Pylon  
  132  11:19  Photon Cannon, Pylon  
  132  11:20  Photon Cannon  
  132  11:21  Photon Cannon  
  132  11:23  Photon Cannon  
  132  11:30  Pylon  
  88  11:52  High Templar x2  
  88  11:53  Zealot x2  
  88  11:54  High Templar, Zealot  
  94  11:55  High Templar  
  94  11:58  Pylon  
  94  12:00  Zealot  
  102  12:02  Probe (Chrono Boost)  
  102  12:06  Probe x3 (Chrono Boost)  
  103  12:10  Immortal (Chrono Boost)  
  103  12:12  Probe (Chrono Boost)  
  103  12:15  Probe x2 (Chrono Boost)  
  109  12:16  High Templar  
  109  12:17  High Templar x2, Probe (Chrono Boost)  
  109  12:20  High Templar  
  109  12:21  Archon  
  71  12:38  Zealot x4  
Show
View Real Time Build Order
Export as new Build Order

IIIIIIIIIIII Zerg - Winner!

Build Orders: Pool First 

Get SALT Encoding   

  12  0:00  Drone  
  13  0:13  Overlord  
  13  0:18  Drone  
  14  0:31  Drone x2  
  16  0:41  Spawning Pool  
  15  0:44  Drone  
  16  1:08  Hatchery  
  16  1:10  Drone  
  16  1:16  Extractor  
  16  1:18  Drone  
  16  1:22  Drone  
  17  1:32  Queen  
  19  1:39  Zergling x2  
  20  1:40  Zergling x2  
  20  1:44  Drone  
  22  1:58  Overlord  
  22  2:16  Queen  
  22  2:20  Drone  
  25  2:25  Metabolic Boost  
  25  2:28  Drone  
  25  2:29  Drone x2  
  28  2:31  Drone  
  29  2:40  Drone  
  29  2:42  Drone  
  31  2:59  Hatchery  
  31  3:03  Pneumatized Carapace  
  30  3:05  Drone  
  30  3:06  Drone x3  
  34  3:13  Overlord  
  34  3:14  Drone  
  35  3:21  Drone  
  36  3:33  Drone x5  
  41  3:38  Overlord  
  41  3:42  Drone  
  42  3:49  Overlord x2  
  42  3:54  Extractor  
  41  3:57  Zergling x6  
  41  3:58  Zergling x2  
  41  4:00  Queen  
  47  4:12  Lair  
  47  4:14  Queen  
  47  4:16  Drone x7  
  56  4:25  Drone x5  
  61  4:32  Spore Crawler  
  61  4:33  Drone  
  61  4:35  Drone x3  
  64  4:42  Spore Crawler  
  64  4:45  Overlord  
  63  4:58  Zergling x4  
  63  4:59  Zergling x12  
  71  5:02  Baneling Nest  
  71  5:05  Drone  
  71  5:09  Overseer  
  71  5:14  Drone  
  71  5:15  Drone, Zergling x4  
  71  5:16  Zergling x6  
  71  5:17  Hydralisk Den  
  71  5:37  Zergling x8  
  71  5:38  Zergling x8  
  79  5:45  Overseer  
  79  5:46  Overseer  
  79  5:54  Zergling x10  
  79  5:55  Zergling x4  
  75  6:04  Drone x3  
  75  6:10  Extractor  
  77  6:16  Muscular Augments  
  77  6:19  Drone, Extractor  
  77  6:20  Drone x3, Hatchery  
  77  6:21  Centrifical Hooks  
  79  6:26  Drone x3, Evolution Chamber  
  79  6:32  Overlord x2  
  81  6:43  Overlord x3  
  81  6:48  Extractor  
  81  6:52  Drone  
  81  6:54  Zerg Missile Weapons Level 1  
  81  6:56  Drone x3  
  81  6:57  Drone x3  
  81  6:59  Drone  
  81  7:00  Extractor  
  87  7:02  Drone x2  
  87  7:04  Hydralisk  
  87  7:05  Hydralisk x2  
  95  7:14  Drone x2, Hydralisk x3  
  95  7:15  Spore Crawler  
  102  7:23  Drone, Hydralisk x4  
  102  7:26  Overlord  
  102  7:28  Overseer  
  111  7:31  Overseer  
  111  7:33  Queen  
  113  7:40  Grooved Spines  
  113  7:41  Zergling x2  
  113  7:42  Zergling x10  
  113  7:43  Overlord x2  
  113  7:44  Overlord x3  
  119  7:51  Baneling x7  
  119  7:54  Baneling  
  119  8:07  Drone  
  119  8:08  Overlord x2  
  119  8:09  Overlord  
  119  8:12  Hydralisk x5  
  122  8:16  Zergling x14  
  122  8:17  Zergling x6  
  140  8:21  Overseer  
  140  8:28  Spine Crawler  
  140  8:29  Drone x3  
  140  8:30  Drone  
  136  8:51  Zerg Missile Weapons Level 2  
  136  8:55  Zergling x28  
  150  9:09  Queen  
  152  9:16  Drone x5  
  158  9:17  Drone, Overlord x2  
  158  9:22  Baneling x9  
  158  9:23  Baneling x5, Zergling x2, Hydralisk  
  158  9:24  Zergling x4, Hydralisk x3  
  161  9:30  Overseer  
  169  9:35  Spine Crawler x2  
  169  9:37  Spine Crawler x2  
  165  9:48  Hatchery  
  148  10:11  Hydralisk x14  
  148  10:12  Hydralisk x6  
  156  10:31  Zergling x4  
  156  10:32  Zergling x10  
  161  10:44  Zergling x2  
  161  10:45  Zergling x10  
  167  10:55  Queen  
  169  11:02  Lurker Den  
  169  11:03  Queen  
  170  11:07  Baneling x3  
  170  11:08  Baneling x17  
  170  11:12  Zergling x2  
  170  11:13  Zergling x28  
  185  11:31  Spine Crawler  
  185  11:32  Spine Crawler  
  183  11:34  Spine Crawler  
  153  11:44  Zergling x2  
  153  11:45  Zergling x36  
  159  12:01  Drone  
  160  12:08  Zergling x2  
  160  12:09  Zergling x24  
  160  12:15  Baneling  
  173  12:16  Baneling x17  
Tags
 
Add a new tag
Caveats
  • Supply blocks, unpowered buildings, or Contaminate may cause inaccurate times.
  • Supply counts are checked every 10 seconds.